 Dungeon Crawl Stone Soup version 0.31.0-12-g77e489cdc1 (webtiles) character file.

Game seed: 12869877992814614191

44 lordive the Slasher (level 3, 0/33 HPs)
             Began as a Minotaur Monk on Feb 29, 2024.
             Slain by Grinder (6 damage)
             ... on level 3 of the Dungeon.
             The game lasted 00:01:33 (1217 turns).

lordive the Slasher (Minotaur Monk)                 Turns: 1217, Time: 00:01:35

Health: 0/33       AC:  7    Str: 15    XL:     3   Next: 39%
Magic:  2/2        EV: 10    Int:  7    God:
Gold:   126        SH:  0    Dex: 14    Spells: 2/2 levels left

rFire   . . .        a - +0 falchion
rCold   . . .        d - orb {light}
rNeg    . . .        i - +0 scale mail
rPois   .            (helmet restricted)
rElec   .            e - +0 cloak
rCorr   .            (no gloves)
SInv    .            (no boots)
Will    .....        (no amulet) Stlth
                     (no ring)
HPRegen 0.25/turn    (no ring)
MPRegen 0.08/turn

%: no passive effects
@: glowing
A: horns 2, retaliatory headbutt
a: no special abilities


You were on level 3 of the Dungeon.
You visited 1 branch of the dungeon, and saw 3 of its levels.

You collected 126 gold pieces.

Inventory:

Hand Weapons
 a - a +0 falchion (weapon)
Armour
 d - an orb of light (worn)
 e - a +0 cloak (worn)
 i - a +0 scale mail (worn)
Scrolls
 f - 5 scrolls of identify {unknown}
Potions
 b - a potion of enlightenment {unknown}
 c - 2 potions of ambrosia
 g - a potion of magic {unknown}
 h - 2 potions of heal wounds {unknown}


   Skills:
 + Level 4.2 Fighting
 + Level 4.4 Long Blades
 + Level 0.4 Armour
 + Level 3.7 Dodging


You had 2 spell levels left.
You didn't know any spells.
Your spell library contained the following spells:

 Spells                   Type           Power      Damage    Failure   Level
 Necrotise                Necr           0%         1d4       88%         1
 Slow                     Hex            0%         N/A       88%         1
 Confusing Touch          Hex            0%         N/A       99%         3
 Dazzling Flash           Conj/Hex       0%         N/A       99%         3
 Sigil of Binding         Hex            0%         N/A       99%         3
 Vampiric Draining        Necr           0%         2d6       99%         3
 Volatile Blastmotes      Fire/Tloc      0%         2d10      99%         3
 Martyr's Knell           Necr/Summ      0%         N/A       100%        4
 Curse of Agony           Necr           0%         N/A       100%        5
 Starburst                Conj/Fire      0%         6d3       100%        6
 Maxwell's Capacitive Co  Air            0%         ∞         100%        8


Dungeon Overview and Level Annotations

Branches:
Dungeon (3/15)

Altars:

Shops:
D:1 *[

Annotations:
D:3 Grinder


Innate Abilities, Weirdness & Mutations

You have a pair of horns on your head.
You reflexively headbutt those who attack you in melee.


Message History

Grinder gestures at you. Pain shoots through your body!
Grinder closely misses you.
You slash Grinder!
Grinder is moderately wounded.
Grinder barely misses you. You furiously retaliate!
You headbutt Grinder. You hit Grinder.
Grinder is heavily wounded.
Grinder closely misses you.
You hit Grinder.
Grinder is severely wounded.
Grinder hits you.
You writhe in agony.
You are too injured to fight recklessly!
Unknown command.
You are too injured to fight recklessly!
You are too injured to fight recklessly!
You are too injured to fight recklessly!
You are too injured to fight recklessly!
You hit Grinder.
Grinder is severely wounded.
Grinder barely misses you.
You hit Grinder but do no damage.
Grinder is severely wounded.
Grinder hits you.
You writhe in agony.
You hit Grinder but do no damage.
Grinder is severely wounded.
Grinder completely misses you.
You hit Grinder.
Grinder is severely wounded.
Grinder barely misses you. Grinder closely misses you.
You barely miss Grinder.
Grinder is severely wounded.
Grinder hits you but does no damage.
You hit Grinder. You headbutt Grinder.
Grinder is almost dead.
Grinder hits you!
* * * LOW HITPOINT WARNING * * *
You writhe in agony.
You die...
Grinder sighs, "Dead already?
I want a refund."

##########
#.5@.....#
#.######.#
#.# #.. ...
#.# #.# .###
#.###.##.###
#...........
####..######
#.....#
#.###.#


You could see Grinder.

Vanquished Creatures
  A gnoll (D:1)
  2 dart slugs (D:1)
  3 ball pythons
  5 bats (D:1)
  3 giant cockroaches (D:1)
  2 goblins
  A hobgoblin (D:2)
  3 jackals (D:2)
  4 kobolds
  2 frilled lizards (D:1)
  3 rats
29 creatures vanquished.

Notes
Turn   | Place    | Note
-------+----------+-------------------------------------------
     0 | D:1      | lordive the Minotaur Monk began the quest for the Orb.
     0 | D:1      | Reached XP level 1. HP: 19/19 MP: 0/0
    49 | D:1      | Found Appump's Armour Shop.
   103 | D:1      | Found Wiehiwao's General Store.
   211 | D:1      | Reached XP level 2. HP: 27/27 MP: 1/1
   651 | D:1      | Reached XP level 3. HP: 33/33 MP: 2/2
  1188 | D:3      | Noticed Grinder
  1193 | D:3      | Paralysed by Grinder for 3 turns
  1217 | D:3      | Slain by Grinder

Illustrated notes

Levels and vault maps discovered:
D:1:      lightli_arrival_windingriver, layout_basic, serial_shops,
          nicolae_shop_hallway_stairs, shop
D:2:      layout_basic, minmay_tree_intersection, uniq_terence, uniq_robin
D:3:      lemuel_castle_with_subvaults [lemuel_castle_interior_carwin_3],
          layout_loops_corners, nicolae_qazlal_beasts_of_the_sky,
          vehumet_altar_wand_db, dreamdust_ecumenical_altar_statues,
          uniq_grinder

Skill      XL: |  1  2 |
---------------+-------+-----
Fighting       | 4 |  4.2
Long Blades    | 4 |  4.4
Armour         | |  0.4
Dodging        | |  3.7

Action                     || total
---------------------------++-------
  Melee: Falchion          ||    67
         Headbutt          ||    16
 Armour: Robe              ||    16
         Scale mail        ||    24
  Dodge: Dodged            ||    40
